Ice Dragons vs Diablos
Created - October 27, 2019 at 08:42
Goals
|
| Ice Dragons |
4 |
3 |
0 |
7 |
| Diablos |
1 |
0 |
3 |
4 |
|
Shots
|
| Ice Dragons |
14 |
12 |
6 |
32 |
| Diablos |
18 |
5 |
13 |
36 |
|
1st period
1. Ice Dragons , William Carrier 1 (Brayden McNabb 2, Logan MacMillan 1) at 5:36
2. Ice Dragons , Brian Boyle 3 (Jordan LaVallee 4, Brayden McNabb 3) at 7:11
3. Diablos , Lars Eller 2 (Cameron Gaunce 2, Jordan Szwarz 2) at 13:06
4. Ice Dragons , Corban Knight 3 (Billy Sweat 1, Dmitri Orlov 2) at 14:40 (PP)
5. Ice Dragons , Jordan LaVallee 3 (Brandon Kozun 2) at 17:32 (PP)
Penalties :
Brayden McNabb (Kin) for Roughing (Minor) at 3:23, David Pastrnak (Don) for Tripping (Minor) at 13:19, Brian Dumoulin (Don) for Slashing (Minor) at 16:48
2nd period
6. Ice Dragons , Justin Shugg 1 (Corban Knight 2, Billy Sweat 2) at 4:47
7. Ice Dragons , Chris Wagner 1 (Logan MacMillan 2, Sam Carrick 2) at 9:49
8. Ice Dragons , Kevin Connauton 2 (Brayden McNabb 4, Corban Knight 3) at 13:05 (PP)
Penalties :
Kevin Connauton (Kin) for Delaying the game (Minor) at 4:53, Danton Heinen (Don) for Hooking (Minor) at 5:02, David Pastrnak (Don) for Tripping (Minor) at 9:52, Alex Petrovic (Don) for Hooking (Minor) at 12:25, Corban Knight (Kin) for Hooking (Minor) at 19:46
3rd period
9. Diablos , Adrian Kempe 1 (Jordan Szwarz 3, Philip Larsen 1) at 1:38 (PP)
10. Diablos , Nick Spaling 2 (Tyler Pitlick 2, Adrian Kempe 2) at 4:56
11. Diablos , Nick Spaling 3 (David Pastrnak 1, Cameron Gaunce 3) at 12:10
Penalties :
Dmitri Orlov (Kin) for Interference (Minor) at 6:08, Logan MacMillan (Kin) for Hooking (Minor) at 12:55, Alex Plante (Kin) for Hooking (Minor) at 15:06
Goalie Stats
Harru Sateri (Kin), 32 saves from 36 shots - (0.889), W, 3-0-0, 60:00 minutes
Joni Ortio (Don), 16 saves from 19 shots - (0.842), L, 0-1-0, 42:28 minutes
Kristers Gudlevskis (Don), 9 saves from 13 shots - (0.692), 17:32 minutes
Players Stats for Ice Dragons
Player Name G A P +/- PIM S H SB GA TA FO MP PP MP PK MP
------------------------------------------------------------------------------------
Adam Clendening 0 0 0 0 0 0 1 1 0 0 0/0 13:43 0:09 2:26
Alex Plante 0 0 0 0 2 0 0 0 0 0 0/0 11:00 0:00 0:00
Billy Sweat 0 2 2 0 0 6 2 1 1 0 0/0 18:40 2:03 3:07
Brandon Kozun 0 1 1 -1 0 1 1 1 0 1 1/2 18:20 2:50 0:00
Brayden McNabb 0 3 3 2 2 1 2 5 2 1 0/0 28:31 3:25 4:26
Brian Boyle 1 0 1 -1 0 2 0 0 2 0 17/33 25:14 2:47 5:49
Chris Wagner 1 0 1 1 0 1 1 0 0 0 0/0 8:35 0:00 0:00
Corban Knight 1 2 3 0 2 2 1 0 0 0 10/19 18:08 2:03 2:35
Dmitri Orlov 0 1 1 -1 2 2 1 1 0 1 0/0 19:01 1:28 3:14
Emil Pettersson 0 0 0 1 0 1 1 0 0 0 1/3 5:57 0:00 0:00
Jordan LaVallee 1 1 2 -1 0 5 1 0 1 0 7/16 25:16 2:50 5:57
Juho Lammikko 0 0 0 1 0 1 0 0 0 0 0/0 5:57 0:00 0:00
Justin Shugg 1 0 1 0 0 1 1 0 0 0 0/0 14:26 1:54 0:00
Kevin Connauton 1 0 1 1 2 3 2 3 1 1 0/0 26:26 3:25 5:39
Logan MacMillan 0 2 2 1 2 1 0 0 0 0 0/0 9:32 0:03 0:33
Robin Norell 0 0 0 1 0 0 0 0 0 0 0/0 2:12 0:00 0:00
Sam Carrick 0 1 1 1 0 1 0 0 0 1 3/5 9:01 0:00 0:00
Samuel Groulx 0 0 0 -1 0 2 2 0 0 1 0/0 19:57 1:28 4:09
William Carrier 1 0 1 1 0 2 0 0 0 0 3/3 8:11 0:00 1:53
Players Stats for Diablos
Player Name G A P +/- PIM S H SB GA TA FO MP PP MP PK MP
------------------------------------------------------------------------------------
Adrian Kempe 1 1 2 1 0 1 0 0 1 0 3/8 10:32 2:16 0:03
Alex Petrovic 0 0 0 0 2 0 0 2 0 1 0/0 12:07 0:00 1:39
Andrei Mironov 0 0 0 0 0 0 1 0 0 0 0/0 9:53 0:00 0:00
Brian Dumoulin 0 0 0 -2 2 0 0 1 0 1 0/0 20:38 4:12 0:14
Cameron Gaunce 0 2 2 1 0 3 1 2 1 2 0/0 27:51 4:12 3:00
Danton Heinen 0 0 0 -2 2 2 1 0 1 0 13/23 20:32 5:24 0:00
David Pastrnak 0 1 1 0 4 5 1 0 2 0 1/2 18:48 5:33 0:00
Dominic Turgeon 0 0 0 0 0 0 1 0 0 0 4/12 11:33 0:11 3:04
Jack Glover 0 0 0 1 0 2 1 2 0 0 0/0 26:42 5:45 1:53
Jakub Vrana 0 0 0 -2 0 2 2 0 0 1 1/1 18:42 4:10 0:00
Jiri Sekac 0 0 0 0 0 0 1 0 0 0 0/0 9:35 0:42 0:35
Jordan Szwarz 0 2 2 -2 0 4 4 0 0 0 0/1 19:07 4:10 0:00
Lars Eller 1 0 1 0 0 6 1 1 0 2 17/34 23:20 1:37 1:35
Nick Spaling 2 0 2 1 0 9 2 0 1 0 0/0 27:15 5:05 1:25
Philip Larsen 0 1 1 -2 0 0 0 3 0 0 0/0 22:47 5:45 3:00
Sergey Tolchinsky 0 0 0 0 0 0 0 0 0 0 0/0 0:00 0:00 0:00
Ty Rattie 0 0 0 0 0 0 0 0 0 0 0/0 0:12 0:00 0:00
Tyler Pitlick 0 1 1 1 0 2 2 1 0 0 0/0 13:38 0:42 3:04
3 Stars
1 - Brayden McNabb (Kin)
2 - Nick Spaling (Don)
3 - Corban Knight (Kin)
Power Play
Ice Dragons - 3 on 5 Attempt(s) - 60.00%
Diablos - 1 on 6 Attempt(s) - 16.67%
Penalty Kill
Ice Dragons - 5 on 6 Attempt(s) - 83.33%
- Score 0 goal in Penalty Kill
Diablos - 2 on 5 Attempt(s) - 40.00%
- Score 0 goal in Penalty Kill
Team Stat
Ice Dragons - Hits : 16 - Faceoff Wins : 42 - Blocked Shots : 12 - Penalty Minutes : 12
Diablos - Hits : 18 - Faceoff Wins : 39 - Blocked Shots : 12 - Penalty Minutes : 10
Official
Referees : Unknown
Linesman : Unknown
Game Notes
7:53 of 1st period - Diablos goal is going for a video replay. After video review, No Goal. The goalkeeper has been pushed into the net together with the puck after making a save.
Joni Ortio enters game at 17:32 of 1st period
Adrian Kempe is injured at 10:59 of 3rd period (Left Hand)
Finance
Level 1 -- Attendance: 1480 (74.00%) -- Ticket Income $39,960
Level 2 -- Attendance: 778 (77.80%) -- Ticket Income $7,780
Total Attendance: 2258 (75.27%)
Total Ticket Income: $47,740
Other Income: $2,387
Total Income: $50,127
Ice Dragons
5 vs 5 Forward
Center Left Wing Right Wing Time % Phy DF OF
1 Brian Boyle Jordan LaVallee Brandon Kozun 40 1 2 2
2 Corban Knight Billy Sweat Justin Shugg 30 1 2 2
3 Sam Carrick Logan MacMillan Chris Wagner 20 1 2 2
4 Emil Pettersson William Carrier Juho Lammikko 10 1 2 2
5 vs 5 Defense
Defense Defense Time % Phy DF OF
1 Brayden McNabb Kevin Connauton 40 1 2 2
2 Dmitri Orlov Samuel Groulx 30 1 2 2
3 Alex Plante Adam Clendening 20 1 2 2
4 Robin Norell Brayden McNabb 10 1 2 2
PowerPlay Forward
Center Left Wing Right Wing Time % Phy DF OF
1 Brian Boyle Jordan LaVallee Brandon Kozun 60 1 2 2
2 Corban Knight Billy Sweat Justin Shugg 40 1 2 2
PowerPlay Defense
Defense Defense Time % Phy DF OF
1 Brayden McNabb Kevin Connauton 60 1 2 2
2 Dmitri Orlov Samuel Groulx 40 1 2 2
Penalty Kill 4 Players Forward
Center Wing Time % Phy DF OF
1 Jordan LaVallee Brian Boyle 60 1 2 2
2 Corban Knight Billy Sweat 40 1 2 2
Penalty Kill 4 Players Defense
Defense Defense Time % Phy DF OF
1 Brayden McNabb Kevin Connauton 60 1 2 2
2 Dmitri Orlov Samuel Groulx 40 1 2 2
Penalty Kill - 3 Players Forward
Forward Time % Phy DF OF
1 Jordan LaVallee 60 1 2 2
2 Brian Boyle 40 1 2 2
Penalty Kill - 3 Players Defense
Defense Defense Time % Phy DF OF
1 Brayden McNabb Kevin Connauton 60 1 2 2
2 Dmitri Orlov Samuel Groulx 40 1 2 2
4 vs 4 Forward
Center Wing Time % Phy DF OF
1 Jordan LaVallee Brian Boyle 60 1 2 2
2 Corban Knight Billy Sweat 40 1 2 2
4 vs 4 Defense
Defense Defense Time % Phy DF OF
1 Brayden McNabb Kevin Connauton 60 1 2 2
2 Dmitri Orlov Samuel Groulx 40 1 2 2
Last Minutes Offensive
Center Left Wing Right Wing Defense Defense
Brian Boyle Jordan LaVallee Brandon Kozun Brayden McNabb Kevin Connauton
Last Minutes Defensive
Center Left Wing Right Wing Defense Defense
Brian Boyle Jordan LaVallee Brandon Kozun Brayden McNabb Kevin Connauton
Goaltenders
Starting : Harru Sateri
Backup : Oscar Dansk
Extra Forwards
Normal : Logan MacMillan, Sam Carrick, William Carrier - PP : Logan MacMillan, Sam Carrick - PK : William Carrier
Extra Defensemen
Normal : Alex Plante, Adam Clendening, Robin Norell - PP : Alex Plante - PK : Adam Clendening, Robin Norell
Penalty Shots
Jordan LaVallee, Brian Boyle, Corban Knight, Billy Sweat, Brandon Kozun
Scratches
Thomas Gobeil (Healthy), Theodor Blueger (Healthy), Michael Ferland (Healthy), Alex Henriksson (Healthy), Cole Ully (Healthy)
Christian Djoos (Healthy)
Diablos
5 vs 5 Forward
Center Left Wing Right Wing Time % Phy DF OF
1 Lars Eller Nick Spaling David Pastrnak 40 1 1 3
2 Danton Heinen Jakub Vrana Jordan Szwarz 30 1 2 2
3 Adrian Kempe Nick Spaling Tyler Pitlick 20 1 2 2
4 Dominic Turgeon Jiri Sekac Lars Eller 10 1 2 2
5 vs 5 Defense
Defense Defense Time % Phy DF OF
1 Cameron Gaunce Jack Glover 40 1 2 2
2 Brian Dumoulin Philip Larsen 30 1 2 2
3 Alex Petrovic Andrei Mironov 20 1 2 2
4 Cameron Gaunce Brian Dumoulin 10 1 2 2
PowerPlay Forward
Center Left Wing Right Wing Time % Phy DF OF
1 Danton Heinen Nick Spaling David Pastrnak 60 1 2 2
2 Adrian Kempe Jakub Vrana Jordan Szwarz 40 1 2 2
PowerPlay Defense
Defense Defense Time % Phy DF OF
1 Jack Glover Philip Larsen 60 1 2 2
2 Cameron Gaunce Brian Dumoulin 40 1 2 2
Penalty Kill 4 Players Forward
Center Wing Time % Phy DF OF
1 Dominic Turgeon Tyler Pitlick 60 1 2 2
2 Lars Eller Nick Spaling 40 1 2 2
Penalty Kill 4 Players Defense
Defense Defense Time % Phy DF OF
1 Philip Larsen Cameron Gaunce 60 1 2 2
2 Alex Petrovic Jack Glover 40 1 2 2
Penalty Kill - 3 Players Forward
Forward Time % Phy DF OF
1 Dominic Turgeon 60 1 2 2
2 Lars Eller 40 1 2 2
Penalty Kill - 3 Players Defense
Defense Defense Time % Phy DF OF
1 Alex Petrovic Brian Dumoulin 60 1 2 2
2 Cameron Gaunce Philip Larsen 40 1 2 2
4 vs 4 Forward
Center Wing Time % Phy DF OF
1 Lars Eller David Pastrnak 60 1 2 2
2 Nick Spaling Jordan Szwarz 40 1 2 2
4 vs 4 Defense
Defense Defense Time % Phy DF OF
1 Cameron Gaunce Brian Dumoulin 60 1 2 2
2 Jack Glover Philip Larsen 40 1 2 2
Last Minutes Offensive
Center Left Wing Right Wing Defense Defense
Danton Heinen Nick Spaling David Pastrnak Brian Dumoulin Philip Larsen
Last Minutes Defensive
Center Left Wing Right Wing Defense Defense
Lars Eller Nick Spaling Tyler Pitlick Cameron Gaunce Alex Petrovic
Goaltenders
Starting : Kristers Gudlevskis
Backup : Joni Ortio
Extra Forwards
Normal : David Pastrnak, Danton Heinen, Nick Spaling - PP : David Pastrnak, Nick Spaling - PK : Nick Spaling
Extra Defensemen
Normal : Cameron Gaunce, Jack Glover, Philip Larsen - PP : Cameron Gaunce - PK : Cameron Gaunce, Alex Petrovic
Penalty Shots
David Pastrnak, Danton Heinen, Jakub Vrana, Jordan Szwarz, Nick Spaling
Scratches
Peter Holland (Healthy), Jamie Devane (Healthy), Matt Lindblad (Healthy), Tyler Lewington (Healthy), Tobias Lindberg (Healthy)
Scott Glennie (Healthy), Andrey Pedan (Healthy), Stuart Percy (Healthy), Charles Hudon (Healthy), Anthony Camara (Healthy)
Branden Troock (Healthy), Corey Trivino (Healthy), Riley Nash (Healthy), Ryan MacInnis (Healthy), Matt Tomkins (Healthy)
% Time on Ice - Ice Dragons
Lines # - Real PCT - Wanted PCT - Time Play
Normal Forward
1 - 36% - 40% - 15:40
2 - 30% - 30% - 13:08
3 - 20% - 20% - 8:35
4 - 14% - 10% - 5:57
Normal Defense
1 - 40% - 40% - 17:23
2 - 31% - 30% - 13:36
3 - 23% - 20% - 10:09
4 - 5% - 10% - 2:12
PP Forward
1 - 58% - 60% - 2:50
2 - 42% - 40% - 2:03
PP Defense
1 - 70% - 60% - 3:25
2 - 30% - 40% - 1:28
PK Forward
1 - 73% - 60% - 7:14
2 - 27% - 40% - 2:43
PK Defense
1 - 58% - 60% - 5:48
2 - 42% - 40% - 4:09
PK3 Forward
1 - 0% - 60%
2 - 0% - 40%
PK3 Defense
1 - 0% - 60%
2 - 0% - 40%
44 Forward
1 - 80% - 60% - 1:28
2 - 20% - 40% - 0:22
44 Defense
1 - 60% - 60% - 1:06
2 - 40% - 40% - 0:44
Last Minute Offensive - 0:00
Last Minute Defensive - 0:00
Total
Forward - 60:00
Defense - 60:00
|
% Time on Ice - Diablos
Lines # - Real PCT - Wanted PCT - Time Play
Normal Forward
1 - 27% - 40% - 11:51
2 - 34% - 30% - 14:32
3 - 22% - 20% - 9:29
4 - 17% - 10% - 7:28
Normal Defense
1 - 41% - 40% - 17:47
2 - 31% - 30% - 13:26
3 - 23% - 20% - 9:53
4 - 5% - 10% - 2:14
PP Forward
1 - 51% - 60% - 5:05
2 - 49% - 40% - 4:52
PP Defense
1 - 58% - 60% - 5:45
2 - 42% - 40% - 4:12
PK Forward
1 - 78% - 60% - 3:48
2 - 22% - 40% - 1:05
PK Defense
1 - 61% - 60% - 3:00
2 - 39% - 40% - 1:53
PK3 Forward
1 - 0% - 60%
2 - 0% - 40%
PK3 Defense
1 - 0% - 60%
2 - 0% - 40%
44 Forward
1 - 83% - 60% - 1:31
2 - 17% - 40% - 0:19
44 Defense
1 - 63% - 60% - 1:09
2 - 37% - 40% - 0:41
Last Minute Offensive - 0:00
Last Minute Defensive - 0:00
Total
Forward - 60:00
Defense - 60:00
|
Play-by-Play
1st period
0:01 of 1st period - Lars Eller wins face-off versus Brian Boyle in neutral zone.
0:04 of 1st period - Brayden McNabb is hit by Cameron Gaunce and loses puck.
0:11 of 1st period - Cameron Gaunce is hit by Kevin Connauton and loses puck.
0:16 of 1st period - Slapshot by Jordan LaVallee.
0:16 of 1st period - Stopped by Kristers Gudlevskis without a rebound.
0:17 of 1st period - Corban Knight wins face-off versus Danton Heinen in Diablos zone.
0:26 of 1st period - Dmitri Orlov is hit by Jordan Szwarz and loses puck.
0:43 of 1st period - Philip Larsen is hit by Emil Pettersson and loses puck.
1:14 of 1st period - Wrist shot by Adrian Kempe.
1:14 of 1st period - Shot Misses the Net.
1:16 of 1st period - Wrist shot by Nick Spaling.
1:16 of 1st period - Shot Misses the Net.
1:36 of 1st period - Snap shot by Brian Boyle.
1:36 of 1st period - Shot Blocked by Alex Petrovic.
2:00 of 1st period - Snap shot by Billy Sweat.
2:00 of 1st period - Stopped by Kristers Gudlevskis with a rebound.
2:31 of 1st period - Snap shot by Nick Spaling.
2:31 of 1st period - Shot Misses the Net.
2:33 of 1st period - Snap shot by Lars Eller.
2:33 of 1st period - Deflect By David Pastrnak.
2:33 of 1st period - Shot Blocked by Adam Clendening.
2:33 of 1st period - Puck is out of play.
2:34 of 1st period - Danton Heinen wins face-off versus Brian Boyle in Ice Dragons zone.
2:35 of 1st period - Wrist shot by Jordan Szwarz.
2:35 of 1st period - Shot Misses the Net.
2:59 of 1st period - Cameron Gaunce is hit by Brayden McNabb and loses puck.
3:10 of 1st period - Snap shot by Danton Heinen.
3:10 of 1st period - Deflect By Jordan Szwarz.
3:10 of 1st period - Shot Blocked by Dmitri Orlov.
3:10 of 1st period - Puck is out of play.
3:11 of 1st period - Brandon Kozun wins face-off versus Adrian Kempe in Ice Dragons zone.
3:20 of 1st period - Snap shot by Nick Spaling.
3:20 of 1st period - Stopped by Harru Sateri without a rebound.
3:21 of 1st period - Brian Boyle wins face-off versus Adrian Kempe in Ice Dragons zone.
3:23 of 1st period - Minor Penalty to Brayden McNabb for Roughing.
3:24 of 1st period - Danton Heinen wins face-off versus Jordan LaVallee in Ice Dragons zone.
3:26 of 1st period - Wrist shot by Nick Spaling.
3:26 of 1st period - Stopped by Harru Sateri without a rebound.
3:27 of 1st period - Danton Heinen wins face-off versus Jordan LaVallee in Ice Dragons zone.
3:30 of 1st period - Snap shot by Nick Spaling.
3:30 of 1st period - Stopped by Harru Sateri with a rebound.
3:32 of 1st period - Snap shot by David Pastrnak.
3:32 of 1st period - Shot Misses the Net.
3:34 of 1st period - Backhand shot by Nick Spaling.
3:34 of 1st period - Deflect By Danton Heinen.
3:34 of 1st period - Stopped by Harru Sateri without a rebound.
3:35 of 1st period - Jordan LaVallee wins face-off versus Danton Heinen in Ice Dragons zone.
4:08 of 1st period - Snap shot by Kevin Connauton.
4:08 of 1st period - Deflect By Billy Sweat.
4:08 of 1st period - Deflect By Philip Larsen.
4:08 of 1st period - Stopped by Kristers Gudlevskis with a rebound.
4:10 of 1st period - Snap shot by Corban Knight.
4:10 of 1st period - Shot Blocked by Philip Larsen.
4:43 of 1st period - Icing by Brian Dumoulin.
4:44 of 1st period - Danton Heinen wins face-off versus Jordan LaVallee in Diablos zone.
4:44 of 1st period - Danton Heinen is hit by Adam Clendening.
5:23 of 1st period - Penalty to Brayden McNabb is over, Brayden McNabb is back on ice.
5:36 of 1st period - Snap shot by William Carrier.
5:36 of 1st period - Goal by William Carrier - Ice Dragons : 1 - Diablos : 0.
5:37 of 1st period - Brian Boyle wins face-off versus Lars Eller in neutral zone.
5:50 of 1st period - Wrist shot by Jordan LaVallee.
5:50 of 1st period - Stopped by Kristers Gudlevskis with a rebound.
6:04 of 1st period - Cameron Gaunce is hit by Corban Knight.
6:12 of 1st period - Backhand shot by Corban Knight.
6:12 of 1st period - Stopped by Kristers Gudlevskis without a rebound.
6:13 of 1st period - Adrian Kempe wins face-off versus Sam Carrick in Diablos zone.
6:20 of 1st period - Samuel Groulx is hit by Tyler Pitlick and loses puck.
6:47 of 1st period - Wrist shot by Jordan LaVallee.
6:47 of 1st period - Stopped by Kristers Gudlevskis without a rebound.
6:48 of 1st period - Brian Boyle wins face-off versus Lars Eller in Diablos zone.
6:59 of 1st period - Slapshot by Nick Spaling.
6:59 of 1st period - Stopped by Harru Sateri with a rebound.
7:11 of 1st period - Snap shot by Brian Boyle.
7:11 of 1st period - Goal by Brian Boyle - Ice Dragons : 2 - Diablos : 0.
7:12 of 1st period - Brian Boyle wins face-off versus Lars Eller in neutral zone.
7:14 of 1st period - Off-side.
7:15 of 1st period - David Pastrnak wins face-off versus Brian Boyle in neutral zone.
7:20 of 1st period - Snap shot by Nick Spaling.
7:20 of 1st period - Shot Misses the Net.
7:24 of 1st period - Snap shot by Lars Eller.
7:24 of 1st period - Stopped by Harru Sateri without a rebound.
7:25 of 1st period - Corban Knight wins face-off versus Lars Eller in Ice Dragons zone.
7:36 of 1st period - Wrist shot by Billy Sweat.
7:36 of 1st period - Stopped by Kristers Gudlevskis with a rebound.
7:38 of 1st period - Slapshot by Corban Knight.
7:38 of 1st period - Deflect By Billy Sweat.
7:38 of 1st period - Shot Misses the Net.
7:38 of 1st period - Puck is out of play.
7:39 of 1st period - Lars Eller wins face-off versus Brian Boyle in Diablos zone.
7:41 of 1st period - Icing by Nick Spaling.
7:42 of 1st period - Lars Eller wins face-off versus Brian Boyle in Diablos zone.
7:51 of 1st period - Snap shot by Lars Eller.
7:51 of 1st period - Stopped by Harru Sateri with a rebound.
7:53 of 1st period - Wrist shot by Lars Eller.
7:53 of 1st period - Deflect By Brian Boyle.
7:53 of 1st period - Diablos goal is going for a video replay.
7:53 of 1st period - The goal is refused. The goalkeeper has been pushed into the net together with the puck after making a save..
7:54 of 1st period - Corban Knight wins face-off versus Lars Eller in Ice Dragons zone.
7:54 of 1st period - Corban Knight is hit by Jack Glover.
8:00 of 1st period - Corban Knight is hit by Lars Eller and loses puck.
8:05 of 1st period - Snap shot by David Pastrnak.
8:05 of 1st period - Deflect By Lars Eller.
8:05 of 1st period - Shot Misses the Net.
8:05 of 1st period - Puck is out of play.
8:06 of 1st period - Brian Boyle wins face-off versus Adrian Kempe in Ice Dragons zone.
8:11 of 1st period - Tyler Pitlick is hit by Samuel Groulx and loses puck.
8:40 of 1st period - Wrist shot by Danton Heinen.
8:40 of 1st period - Shot Misses the Net.
8:42 of 1st period - Slapshot by Brian Dumoulin.
8:42 of 1st period - Shot Blocked by Billy Sweat.
8:44 of 1st period - Slapshot by Danton Heinen.
8:44 of 1st period - Shot Blocked by Kevin Connauton.
8:46 of 1st period - Wrist shot by Jakub Vrana.
8:46 of 1st period - Stopped by Harru Sateri without a rebound.
8:47 of 1st period - Sam Carrick wins face-off versus Dominic Turgeon in Ice Dragons zone.
9:02 of 1st period - Backhand shot by Cameron Gaunce.
9:02 of 1st period - Shot Misses the Net.
9:40 of 1st period - Wrist shot by Danton Heinen.
9:40 of 1st period - Shot Misses the Net.
9:50 of 1st period - Slapshot by Samuel Groulx.
9:50 of 1st period - Stopped by Kristers Gudlevskis with a rebound.
10:10 of 1st period - Wrist shot by Dmitri Orlov.
10:10 of 1st period - Stopped by Kristers Gudlevskis with a rebound.
10:46 of 1st period - Snap shot by Billy Sweat.
10:46 of 1st period - Deflect By Justin Shugg.
10:46 of 1st period - Shot Misses the Net.
10:46 of 1st period - Puck is out of play.
10:47 of 1st period - Adrian Kempe wins face-off versus Corban Knight in Diablos zone.
10:52 of 1st period - Snap shot by Tyler Pitlick.
10:52 of 1st period - Shot Misses the Net.
10:54 of 1st period - Slapshot by Nick Spaling.
10:54 of 1st period - Shot Misses the Net.
11:18 of 1st period - Off-side.
11:19 of 1st period - Dominic Turgeon wins face-off versus Corban Knight in neutral zone.
12:30 of 1st period - Wrist shot by Emil Pettersson.
12:30 of 1st period - Shot Blocked by Philip Larsen.
12:50 of 1st period - Backhand shot by Billy Sweat.
12:50 of 1st period - Shot Misses the Net.
13:04 of 1st period - Slapshot by Cameron Gaunce.
13:04 of 1st period - Stopped by Harru Sateri with a rebound.
13:06 of 1st period - Wrist shot by Lars Eller.
13:06 of 1st period - Goal by Lars Eller - Ice Dragons : 2 - Diablos : 1.
13:07 of 1st period - Jordan LaVallee wins face-off versus Lars Eller in neutral zone.
13:12 of 1st period - Snap shot by Jordan LaVallee.
13:12 of 1st period - Shot Misses the Net.
13:19 of 1st period - Minor Penalty to David Pastrnak for Tripping.
13:20 of 1st period - Brian Boyle wins face-off versus Dominic Turgeon in Diablos zone.
14:16 of 1st period - Snap shot by Lars Eller.
14:16 of 1st period - Stopped by Harru Sateri without a rebound.
14:17 of 1st period - Lars Eller wins face-off versus Brian Boyle in Ice Dragons zone.
14:40 of 1st period - Wrist shot by Corban Knight.
14:40 of 1st period - Goal by Corban Knight - Ice Dragons : 3 - Diablos : 1.
14:41 of 1st period - Lars Eller wins face-off versus Brandon Kozun in neutral zone.
14:50 of 1st period - Wrist shot by David Pastrnak.
14:50 of 1st period - Stopped by Harru Sateri with a rebound.
14:52 of 1st period - Slapshot by David Pastrnak.
14:52 of 1st period - Shot Misses the Net.
14:54 of 1st period - Slapshot by Jack Glover.
14:54 of 1st period - Stopped by Harru Sateri without a rebound.
14:55 of 1st period - Lars Eller wins face-off versus Corban Knight in Ice Dragons zone.
15:04 of 1st period - Wrist shot by Nick Spaling.
15:04 of 1st period - Stopped by Harru Sateri without a rebound.
15:05 of 1st period - Lars Eller wins face-off versus Corban Knight in Ice Dragons zone.
15:06 of 1st period - Snap shot by David Pastrnak.
15:06 of 1st period - Shot Blocked by Brayden McNabb.
15:08 of 1st period - Snap shot by Nick Spaling.
15:08 of 1st period - Shot Misses the Net.
15:10 of 1st period - Snap shot by David Pastrnak.
15:10 of 1st period - Shot Misses the Net.
15:12 of 1st period - Slapshot by Lars Eller.
15:12 of 1st period - Shot Blocked by Brayden McNabb.
15:14 of 1st period - Slapshot by Jack Glover.
15:14 of 1st period - Shot Misses the Net.
15:42 of 1st period - Snap shot by David Pastrnak.
15:42 of 1st period - Stopped by Harru Sateri with a rebound.
15:44 of 1st period - Slapshot by Jack Glover.
15:44 of 1st period - Stopped by Harru Sateri without a rebound.
15:45 of 1st period - Brian Boyle wins face-off versus Danton Heinen in Ice Dragons zone.
16:16 of 1st period - Slapshot by Sam Carrick.
16:16 of 1st period - Shot Misses the Net.
16:48 of 1st period - Minor Penalty to Brian Dumoulin for Slashing.
16:49 of 1st period - Brian Boyle wins face-off versus Dominic Turgeon in Diablos zone.
16:50 of 1st period - Snap shot by Jordan LaVallee.
16:50 of 1st period - Shot Blocked by Tyler Pitlick.
16:52 of 1st period - Wrist shot by Jordan LaVallee.
16:52 of 1st period - Deflect By Alex Petrovic.
16:52 of 1st period - Shot Blocked by Alex Petrovic.
16:52 of 1st period - Puck is out of play.
16:53 of 1st period - Dominic Turgeon wins face-off versus Brian Boyle in Diablos zone.
16:59 of 1st period - Icing by Brian Boyle.
17:00 of 1st period - Brian Boyle wins face-off versus Dominic Turgeon in Ice Dragons zone.
17:27 of 1st period - Dominic Turgeon is hit by Brayden McNabb and loses puck.
17:32 of 1st period - Snap shot by Jordan LaVallee.
17:32 of 1st period - Goal by Jordan LaVallee - Ice Dragons : 4 - Diablos : 1.
17:32 of 1st period - Joni Ortio enters game.
17:33 of 1st period - Sam Carrick wins face-off versus Lars Eller in neutral zone.
19:08 of 1st period - Slapshot by Jordan Szwarz.
19:08 of 1st period - Stopped by Harru Sateri without a rebound.
19:09 of 1st period - Danton Heinen wins face-off versus Brian Boyle in Ice Dragons zone.
19:22 of 1st period - Wrist shot by Brandon Kozun.
19:22 of 1st period - Stopped by Joni Ortio without a rebound.
19:23 of 1st period - Lars Eller wins face-off versus Brian Boyle in Diablos zone.
19:34 of 1st period - Snap shot by David Pastrnak.
19:34 of 1st period - Shot Blocked by Brandon Kozun.
19:48 of 1st period - Brian Dumoulin is hit by Justin Shugg and loses puck.
Goals for this period are 4 for Ice Dragons vs 1 for Diablos .
Shots for this period are 14 for Ice Dragons vs 18 for Diablos .
2nd period
0:01 of 2nd period - Lars Eller wins face-off versus Brian Boyle in neutral zone.
1:18 of 2nd period - Slapshot by Kevin Connauton.
1:18 of 2nd period - Stopped by Joni Ortio with a rebound.
1:20 of 2nd period - Backhand shot by Brayden McNabb.
1:20 of 2nd period - Stopped by Joni Ortio with a rebound.
1:54 of 2nd period - Slapshot by Billy Sweat.
1:54 of 2nd period - Stopped by Joni Ortio without a rebound.
1:55 of 2nd period - Danton Heinen wins face-off versus Corban Knight in Diablos zone.
2:20 of 2nd period - Brandon Kozun is hit by Dominic Turgeon and loses puck.
2:45 of 2nd period - Snap shot by Logan MacMillan.
2:45 of 2nd period - Shot Blocked by Philip Larsen.
3:59 of 2nd period - Icing by Brayden McNabb.
4:00 of 2nd period - Brian Boyle wins face-off versus Adrian Kempe in Ice Dragons zone.
4:45 of 2nd period - Snap shot by Corban Knight.
4:45 of 2nd period - Shot Misses the Net.
4:47 of 2nd period - Wrist shot by Justin Shugg.
4:47 of 2nd period - Goal by Justin Shugg - Ice Dragons : 5 - Diablos : 1.
4:48 of 2nd period - Lars Eller wins face-off versus Brian Boyle in neutral zone.
4:50 of 2nd period - Off-side.
4:51 of 2nd period - Brian Boyle wins face-off versus Lars Eller in neutral zone.
4:53 of 2nd period - Minor Penalty to Kevin Connauton for Delaying the game.
4:54 of 2nd period - Jordan LaVallee wins face-off versus Danton Heinen in Ice Dragons zone.
4:59 of 2nd period - Off-side.
5:00 of 2nd period - Danton Heinen wins face-off versus Jordan LaVallee in neutral zone.
5:02 of 2nd period - Minor Penalty to Danton Heinen for Hooking.
5:03 of 2nd period - Jordan LaVallee wins face-off versus Lars Eller in Diablos zone.
6:53 of 2nd period - Penalty to Kevin Connauton is over, Kevin Connauton is back on ice.
7:02 of 2nd period - Penalty to Danton Heinen is over, Danton Heinen is back on ice.
7:02 of 2nd period - Wrist shot by Billy Sweat.
7:02 of 2nd period - Shot Misses the Net.
7:08 of 2nd period - Billy Sweat is hit by Tyler Pitlick and loses puck.
7:35 of 2nd period - Snap shot by Danton Heinen.
7:35 of 2nd period - Stopped by Harru Sateri with a rebound.
7:37 of 2nd period - Snap shot by Tyler Pitlick.
7:37 of 2nd period - Stopped by Harru Sateri without a rebound.
7:38 of 2nd period - Lars Eller wins face-off versus Sam Carrick in Ice Dragons zone.
8:24 of 2nd period - Slapshot by Dmitri Orlov.
8:24 of 2nd period - Shot Misses the Net.
8:26 of 2nd period - Slapshot by Dmitri Orlov.
8:26 of 2nd period - Stopped by Joni Ortio without a rebound.
8:27 of 2nd period - Brian Boyle wins face-off versus Dominic Turgeon in Diablos zone.
8:54 of 2nd period - Cameron Gaunce is hit by Billy Sweat.
8:58 of 2nd period - Slapshot by Billy Sweat.
8:58 of 2nd period - Shot Misses the Net.
9:01 of 2nd period - Icing by Cameron Gaunce.
9:02 of 2nd period - Corban Knight wins face-off versus Danton Heinen in Diablos zone.
9:03 of 2nd period - Wrist shot by Billy Sweat.
9:03 of 2nd period - Stopped by Joni Ortio with a rebound.
9:09 of 2nd period - Corban Knight is hit by Jordan Szwarz and loses puck.
9:16 of 2nd period - Snap shot by Danton Heinen.
9:16 of 2nd period - Shot Misses the Net.
9:18 of 2nd period - Wrist shot by Jordan Szwarz.
9:18 of 2nd period - Shot Blocked by Brayden McNabb.
9:20 of 2nd period - Snap shot by Jakub Vrana.
9:20 of 2nd period - Stopped by Harru Sateri without a rebound.
9:21 of 2nd period - Lars Eller wins face-off versus Brian Boyle in Ice Dragons zone.
9:22 of 2nd period - Wrist shot by David Pastrnak.
9:22 of 2nd period - Shot Misses the Net.
9:37 of 2nd period - Snap shot by Samuel Groulx.
9:37 of 2nd period - Stopped by Joni Ortio without a rebound.
9:38 of 2nd period - Sam Carrick wins face-off versus Danton Heinen in Diablos zone.
9:45 of 2nd period - Snap shot by Logan MacMillan.
9:45 of 2nd period - Stopped by Joni Ortio with a rebound.
9:47 of 2nd period - Wrist shot by Logan MacMillan.
9:47 of 2nd period - Shot Blocked by Cameron Gaunce.
9:49 of 2nd period - Wrist shot by Chris Wagner.
9:49 of 2nd period - Goal by Chris Wagner - Ice Dragons : 6 - Diablos : 1.
9:50 of 2nd period - Lars Eller wins face-off versus Jordan LaVallee in neutral zone.
9:52 of 2nd period - Minor Penalty to David Pastrnak for Tripping.
9:53 of 2nd period - Brian Boyle wins face-off versus Dominic Turgeon in Diablos zone.
11:52 of 2nd period - Penalty to David Pastrnak is over, David Pastrnak is back on ice.
12:08 of 2nd period - Off-side.
12:09 of 2nd period - Emil Pettersson wins face-off versus Lars Eller in neutral zone.
12:11 of 2nd period - Adam Clendening is hit by Andrei Mironov and loses puck.
12:25 of 2nd period - Minor Penalty to Alex Petrovic for Hooking.
12:26 of 2nd period - Brian Boyle wins face-off versus Dominic Turgeon in Diablos zone.
13:03 of 2nd period - Snap shot by Brayden McNabb.
13:03 of 2nd period - Shot Blocked by Brian Dumoulin.
13:05 of 2nd period - Wrist shot by Kevin Connauton.
13:05 of 2nd period - Goal by Kevin Connauton - Ice Dragons : 7 - Diablos : 1.
13:06 of 2nd period - Lars Eller wins face-off versus Brian Boyle in neutral zone.
13:58 of 2nd period - Slapshot by Dmitri Orlov.
13:58 of 2nd period - Deflect By Sam Carrick.
13:58 of 2nd period - Stopped by Joni Ortio with a rebound.
14:00 of 2nd period - Slapshot by Dmitri Orlov.
14:00 of 2nd period - Shot Hit the Post.
14:13 of 2nd period - Icing by Philip Larsen.
14:14 of 2nd period - Dominic Turgeon wins face-off versus Emil Pettersson in Diablos zone.
14:55 of 2nd period - Icing by Jakub Vrana.
14:56 of 2nd period - Adrian Kempe wins face-off versus Corban Knight in Diablos zone.
15:04 of 2nd period - Off-side.
15:05 of 2nd period - Lars Eller wins face-off versus Brian Boyle in neutral zone.
16:44 of 2nd period - Icing by Nick Spaling.
16:45 of 2nd period - Corban Knight wins face-off versus Lars Eller in Diablos zone.
16:46 of 2nd period - Wrist shot by Billy Sweat.
16:46 of 2nd period - Shot Misses the Net.
17:31 of 2nd period - Snap shot by Sam Carrick.
17:31 of 2nd period - Shot Misses the Net.
17:33 of 2nd period - Backhand shot by Kevin Connauton.
17:33 of 2nd period - Stopped by Joni Ortio with a rebound.
18:04 of 2nd period - Corban Knight is hit by Nick Spaling and loses puck.
18:20 of 2nd period - Icing by Adam Clendening.
18:21 of 2nd period - Brian Boyle wins face-off versus Danton Heinen in Ice Dragons zone.
18:21 of 2nd period - Brian Boyle is hit by Danton Heinen.
18:37 of 2nd period - Icing by Jordan Szwarz.
18:38 of 2nd period - Danton Heinen wins face-off versus Corban Knight in Diablos zone.
18:53 of 2nd period - Slapshot by Cameron Gaunce.
18:53 of 2nd period - Shot Misses the Net.
19:13 of 2nd period - Snap shot by Chris Wagner.
19:13 of 2nd period - Shot Misses the Net.
19:33 of 2nd period - Slapshot by David Pastrnak.
19:33 of 2nd period - Stopped by Harru Sateri with a rebound.
19:43 of 2nd period - Snap shot by Nick Spaling.
19:43 of 2nd period - Stopped by Harru Sateri without a rebound.
19:44 of 2nd period - Corban Knight wins face-off versus Lars Eller in Ice Dragons zone.
19:46 of 2nd period - Minor Penalty to Corban Knight for Hooking.
19:47 of 2nd period - Jordan LaVallee wins face-off versus Danton Heinen in Ice Dragons zone.
19:57 of 2nd period - Wrist shot by Brian Boyle.
19:57 of 2nd period - Shot Blocked by Jack Glover.
Goals for this period are 3 for Ice Dragons vs 0 for Diablos .
Shots for this period are 12 for Ice Dragons vs 5 for Diablos .
3rd period
0:01 of 3rd period - Danton Heinen wins face-off versus Jordan LaVallee in neutral zone.
0:12 of 3rd period - Slapshot by David Pastrnak.
0:12 of 3rd period - Shot Blocked by Brayden McNabb.
0:26 of 3rd period - Brayden McNabb is hit by Jakub Vrana and loses puck.
0:35 of 3rd period - Snap shot by Brian Boyle.
0:35 of 3rd period - Stopped by Joni Ortio without a rebound.
0:36 of 3rd period - Danton Heinen wins face-off versus Jordan LaVallee in Diablos zone.
0:44 of 3rd period - Off-side.
0:45 of 3rd period - Danton Heinen wins face-off versus Jordan LaVallee in neutral zone.
1:20 of 3rd period - Slapshot by David Pastrnak.
1:20 of 3rd period - Shot Misses the Net.
1:22 of 3rd period - Slapshot by Cameron Gaunce.
1:22 of 3rd period - Stopped by Harru Sateri without a rebound.
1:23 of 3rd period - William Carrier wins face-off versus Adrian Kempe in Ice Dragons zone.
1:38 of 3rd period - Wrist shot by Adrian Kempe.
1:38 of 3rd period - Goal by Adrian Kempe - Ice Dragons : 7 - Diablos : 2.
1:39 of 3rd period - Corban Knight wins face-off versus Lars Eller in neutral zone.
1:44 of 3rd period - Snap shot by Corban Knight.
1:44 of 3rd period - Shot Blocked by Lars Eller.
1:46 of 3rd period - Snap shot by Justin Shugg.
1:46 of 3rd period - Shot Misses the Net.
1:52 of 3rd period - Wrist shot by Billy Sweat.
1:52 of 3rd period - Shot Misses the Net.
1:54 of 3rd period - Snap shot by Justin Shugg.
1:54 of 3rd period - Shot Blocked by Cameron Gaunce.
2:04 of 3rd period - Brandon Kozun is hit by Jordan Szwarz and loses puck.
2:09 of 3rd period - Snap shot by Jordan Szwarz.
2:09 of 3rd period - Shot Misses the Net.
2:11 of 3rd period - Snap shot by Jordan Szwarz.
2:11 of 3rd period - Stopped by Harru Sateri without a rebound.
2:12 of 3rd period - Jakub Vrana wins face-off versus Brian Boyle in Ice Dragons zone.
2:25 of 3rd period - Wrist shot by Jordan Szwarz.
2:25 of 3rd period - Stopped by Harru Sateri without a rebound.
2:26 of 3rd period - Lars Eller wins face-off versus Brian Boyle in Ice Dragons zone.
2:39 of 3rd period - Wrist shot by David Pastrnak.
2:39 of 3rd period - Shot Blocked by Brayden McNabb.
2:41 of 3rd period - Snap shot by David Pastrnak.
2:41 of 3rd period - Stopped by Harru Sateri without a rebound.
2:42 of 3rd period - Corban Knight wins face-off versus Lars Eller in Ice Dragons zone.
2:42 of 3rd period - Corban Knight is hit by David Pastrnak.
2:48 of 3rd period - Snap shot by Billy Sweat.
2:48 of 3rd period - Stopped by Joni Ortio with a rebound.
3:08 of 3rd period - Cameron Gaunce is hit by Brandon Kozun and loses puck.
4:12 of 3rd period - Slapshot by Brian Boyle.
4:12 of 3rd period - Shot Misses the Net.
4:14 of 3rd period - Wrist shot by Brian Boyle.
4:14 of 3rd period - Shot Hit the Post.
4:54 of 3rd period - Slapshot by Tyler Pitlick.
4:54 of 3rd period - Stopped by Harru Sateri with a rebound.
4:56 of 3rd period - Snap shot by Nick Spaling.
4:56 of 3rd period - Goal by Nick Spaling - Ice Dragons : 7 - Diablos : 3.
4:57 of 3rd period - Brian Boyle wins face-off versus Lars Eller in neutral zone.
5:27 of 3rd period - Off-side.
5:28 of 3rd period - Danton Heinen wins face-off versus Corban Knight in neutral zone.
5:33 of 3rd period - Snap shot by Jordan Szwarz.
5:33 of 3rd period - Stopped by Harru Sateri without a rebound.
5:34 of 3rd period - Corban Knight wins face-off versus Lars Eller in Ice Dragons zone.
5:41 of 3rd period - Slapshot by Dmitri Orlov.
5:41 of 3rd period - Shot Misses the Net.
6:08 of 3rd period - Minor Penalty to Dmitri Orlov for Interference.
6:09 of 3rd period - Danton Heinen wins face-off versus Jordan LaVallee in Ice Dragons zone.
6:13 of 3rd period - Wrist shot by Nick Spaling.
6:13 of 3rd period - Shot Misses the Net.
7:32 of 3rd period - Icing by Nick Spaling.
7:33 of 3rd period - William Carrier wins face-off versus Danton Heinen in Diablos zone.
7:46 of 3rd period - Slapshot by Billy Sweat.
7:46 of 3rd period - Shot Blocked by Jack Glover.
8:08 of 3rd period - Penalty to Dmitri Orlov is over, Dmitri Orlov is back on ice.
8:16 of 3rd period - Snap shot by Brian Boyle.
8:16 of 3rd period - Deflect By William Carrier.
8:16 of 3rd period - Stopped by Joni Ortio without a rebound.
8:17 of 3rd period - Dominic Turgeon wins face-off versus Corban Knight in Diablos zone.
8:17 of 3rd period - Dominic Turgeon is hit by Billy Sweat.
8:43 of 3rd period - Chris Wagner is hit by Nick Spaling.
9:11 of 3rd period - Jordan Szwarz is hit by Dmitri Orlov.
10:37 of 3rd period - Snap shot by William Carrier.
10:37 of 3rd period - Deflect By Juho Lammikko.
10:37 of 3rd period - Stopped by Joni Ortio without a rebound.
10:38 of 3rd period - William Carrier wins face-off versus Dominic Turgeon in Diablos zone.
10:38 of 3rd period - William Carrier is hit by Jiri Sekac.
10:46 of 3rd period - Snap shot by Brayden McNabb.
10:46 of 3rd period - Deflect By Emil Pettersson.
10:46 of 3rd period - Stopped by Joni Ortio with a rebound.
10:58 of 3rd period - Adrian Kempe is hit by Jordan LaVallee and loses puck.
10:59 of 3rd period - Adrian Kempe from Diablos is injured at 10:59 of 3rd period (Left Hand).
11:00 of 3rd period - Brian Boyle wins face-off versus Lars Eller in Diablos zone.
11:44 of 3rd period - Wrist shot by David Pastrnak.
11:44 of 3rd period - Shot Misses the Net.
11:46 of 3rd period - Backhand shot by Cameron Gaunce.
11:46 of 3rd period - Shot Misses the Net.
11:58 of 3rd period - Slapshot by Lars Eller.
11:58 of 3rd period - Shot Blocked by Kevin Connauton.
12:00 of 3rd period - Slapshot by Lars Eller.
12:00 of 3rd period - Stopped by Harru Sateri with a rebound.
12:02 of 3rd period - Snap shot by Cameron Gaunce.
12:02 of 3rd period - Stopped by Harru Sateri with a rebound.
12:04 of 3rd period - Snap shot by David Pastrnak.
12:04 of 3rd period - Stopped by Harru Sateri with a rebound.
12:06 of 3rd period - Snap shot by David Pastrnak.
12:06 of 3rd period - Shot Blocked by Kevin Connauton.
12:08 of 3rd period - Slapshot by Nick Spaling.
12:08 of 3rd period - Stopped by Harru Sateri with a rebound.
12:10 of 3rd period - Wrist shot by Nick Spaling.
12:10 of 3rd period - Goal by Nick Spaling - Ice Dragons : 7 - Diablos : 4.
12:11 of 3rd period - Corban Knight wins face-off versus Jordan Szwarz in neutral zone.
12:36 of 3rd period - Brian Dumoulin is hit by Samuel Groulx and loses puck.
12:55 of 3rd period - Minor Penalty to Logan MacMillan for Hooking.
12:56 of 3rd period - Jordan LaVallee wins face-off versus David Pastrnak in Ice Dragons zone.
12:56 of 3rd period - Jordan LaVallee is hit by Jakub Vrana.
14:55 of 3rd period - Penalty to Logan MacMillan is over, Logan MacMillan is back on ice.
15:06 of 3rd period - Minor Penalty to Alex Plante for Hooking.
15:07 of 3rd period - Jordan LaVallee wins face-off versus Danton Heinen in Ice Dragons zone.
15:50 of 3rd period - Wrist shot by Corban Knight.
15:50 of 3rd period - Shot Misses the Net.
16:05 of 3rd period - Nick Spaling is hit by Kevin Connauton and loses puck.
17:06 of 3rd period - Penalty to Alex Plante is over, Alex Plante is back on ice.
17:24 of 3rd period - Icing by Philip Larsen.
17:25 of 3rd period - Lars Eller wins face-off versus Emil Pettersson in Diablos zone.
17:56 of 3rd period - Wrist shot by Jordan LaVallee.
17:56 of 3rd period - Stopped by Joni Ortio with a rebound.
18:20 of 3rd period - Chris Wagner is hit by Jordan Szwarz and loses puck.
19:44 of 3rd period - Danton Heinen is hit by Chris Wagner.
Goals for this period are 0 for Ice Dragons vs 3 for Diablos .
Shots for this period are 6 for Ice Dragons vs 13 for Diablos .
Back to the Top